 Dungeon Crawl Stone Soup version 0.18.1-48-g4cf74bf (webtiles) character file.

23 Heedrag the Caller (level 2, -1/19 HPs)
             Began as a Mummy Summoner on Aug 6, 2016.
             Slain by a giant gecko (3 damage)
             ... on level 2 of the Dungeon.
             The game lasted 00:05:43 (1423 turns).

Heedrag the Caller (Mummy Summoner)                 Turns: 1423, Time: 00:05:44

Health: -1/19      AC:  2    Str: 11    XL:     2   Next: 75%
Magic:  0/5        EV: 12    Int: 14    God:
Gold:   93         SH:  0    Dex: 12    Spells: 2 memorised, 2 levels left

rFire  x . .     SeeInvis .     (no weapon)
rCold  + . .     Gourm    .     a - +0 robe
rNeg   + + +     Faith    .     (no shield)
rPois  ∞         Spirit   .     (no helmet)
rElec  .         Dismiss  .     (no cloak)
rCorr  .         Reflect  .     (no gloves)
SustAt .         Harm     .     (no boots)
MR     .....                    g - amulet of inaccuracy (curse)
Stlth  ++........               (no ring)
                                (no ring)

@: not resistant to hostile enchantments, unstealthy
A: no food or potions, fire vulnerability, cold resistance 1, negative energy
resistance 3, torment resistance, unbreathing
a: no special abilities


You were on level 2 of the Dungeon.
You were not hungry.

You visited 1 branch of the dungeon, and saw 2 of its levels.

You collected 93 gold pieces.

Inventory:

Armour
 a - a +0 robe (worn)
Jewellery
 d - an uncursed amulet of dismissal
 g - a cursed amulet of inaccuracy (around neck)
Wands
 h - a wand of digging (19/24)
Scrolls
 c - a scroll of teleportation {unknown}
 e - a scroll of random uselessness {unknown}
 f - a scroll of noise {unknown}
 i - a scroll of enchant armour {unknown}
Books
 b - a book of Callings

   Spells                             Type                      Level
   a - Summon Small Mammal            Summoning                    1
   b - Call Imp                       Summoning                    2
   c - Call Canine Familiar           Summoning                    3
   d - Summon Guardian Golem          Hexes/Summoning              3
   e - Summon Lightning Spire         Summoning/Air                4
   f - Summon Ice Beast               Ice/Summoning                4


   Skills:
 - Level 1.5 Dodging
 - Level 1.5 Stealth
 + Level 2.4 Spellcasting
 * Level 3.7 Summonings


You had 2 spell levels left.
You knew the following spells:

 Your Spells              Type           Power        Failure   Level  Hunger
a - Summon Small Mammal   Summ           ##..         6%          1    N/A
b - Call Imp              Summ           ##......     10%         2    N/A

Dungeon Overview and Level Annotations

Branches:
Dungeon (2/15)

Altars:


Innate Abilities, Weirdness & Mutations

You do not eat or drink.
Your flesh is vulnerable to fire.
You are immune to poison.
Your flesh is cold resistant.
You are immune to negative energy.
You are immune to unholy pain and torment.
You can survive without breathing.


Message History

* * * LOW HITPOINT WARNIN'
* * * Ye miss tha giant gecko.
Yer crimson imp barely misses tha giant gecko.
Tha giant gecko bites ye.
* * * LOW HITPOINT WARNIN'
* * * Yer crimson imp barely misses tha giant gecko.
Yer crimson imp blinks!
Tha giant gecko bites ye but does nay damage.
Tha giant gecko closely misses ye.
Yer crimson imp blinks!
Tha giant gecko completely misses ye.
Tha giant gecko bites ye.
* * * LOW HITPOINT WARNIN'
* * * Tha giant gecko closely misses ye.
Yer magical contamination has completely faded away.
Castin': Call Imp Confirm wit' . or Enter, or press ? or * ta list all spells.
A beastly little devil appears in a puff o' frigid air.
Tha giant gecko bites ye.
Ye die...

#.# #.(..%..## #.# ..#
#..#.###!## ######.#
.####.....#...#### ##...##.######
........#...#....###.............
######.........#.........#.######
##.#.......#####.....#.#
#.(...#.#..# ##...##.#
##.....<...###########.#
##...#.#..l@5.........#
#......[.############# #........#
##########


You could see a giant gecko and a friendly white imp.

Vanquished Creatures
  A bat (D:1)
1 creature vanquished.

Vanquished Creatures (collateral kills)
  A dart slug (D:2)
  A giant gecko (D:2)
  4 bats (D:1)
  6 giant cockroaches
  3 goblins (D:1)
  A hobgoblin (D:2)
  4 jackals (D:2)
  9 kobolds
  2 rats (D:2)
31 creatures vanquished.

Vanquished Creatures (others)
  A hobgoblin (D:1)
1 creature vanquished.

Grand Total: 33 creatures vanquished

Notes
Turn   | Place    | Note
--------------------------------------------------------------
     0 | D:1      | Heedrag the Mummy Summoner began the quest for the Orb.
     0 | D:1      | Reached XP level 1. HP: 13/13 MP: 3/3
   571 | D:1      | Reached XP level 2. HP: 18/19 MP: 0/5
   620 | D:1      | Learned a level 2 spell: Call Imp
  1423 | D:2      | Slain by a giant gecko

Action                   || total
-------------------------++-------
Melee: Unarmed           ||     9
 Cast: Summon Small Mamm ||    38
       Call Imp          ||    20
Armor: Robe              ||    26
Dodge: Dodged            ||    70
